 Dungeon Crawl Stone Soup version 0.23-b1-51-gfe822ef6ca (webtiles) character file.

Game seed: 7979291719472791563

158 Laan the Skirmisher (level 5, -5/33 HPs)
             Began as a Gargoyle Fighter on Feb 4, 2019.
             Killed by divine providence
             ... invoked by an orc priest
              (10 damage)
             ... on level 2 of the Dungeon.
             The game lasted 00:02:44 (1418 turns).

Laan the Skirmisher (Gargoyle Fighter)              Turns: 1418, Time: 00:02:44

Health: -5/33      AC: 11    Str: 21    XL:     5   Next: 39%
Magic:  5/5        EV:  7    Int:  8    God:
Gold:   23         SH:  9    Dex:  9    Spells: 4/4 levels left

rFire    . . .     SeeInvis .   a - +0 war axe
rCold    . . .     Gourm    .   c - +0 shield
rNeg     + . .     Faith    .   b - +0 scale mail
rPois    ∞         Spirit   .   (no helmet)
rElec    +         Reflect  .   (no cloak)
rCorr    +         Harm     .   (no gloves)
MR       .....                  (no boots)
Stlth    ..........             (no amulet)
HPRegen  0.11/turn              h - ring of resist corrosion
MPRegen  0.09/turn              (no ring)

@: no status effects
A: negative energy resistance 1, electricity resistance, unbreathing,
petrification resistance, rot immunity, AC +4
a: no special abilities


You were on level 2 of the Dungeon.
You were not hungry.

You visited 1 branch of the dungeon, and saw 2 of its levels.

You collected 23 gold pieces.

Inventory:

Hand Weapons
 a - a +0 war axe (weapon)
Armour
 b - a +0 scale mail (worn)
 c - a +0 shield (worn)
Jewellery
 h - a ring of resist corrosion (left hand)
Scrolls
 g - a scroll of identify {unknown}
 i - a scroll of noise {unknown}
 k - a scroll of remove curse {unknown}
Potions
 d - a potion of might
 e - 2 potions of brilliance {unknown}
 j - 2 potions of haste {unknown}
 l - 2 potions of agility {unknown}
Comestibles
 f - a ration
 m - 3 chunks of flesh


   Skills:
 + Level 4.1 Fighting
 * Level 3.3 Axes
 + Level 4.1 Armour
 + Level 4.1 Shields


You had 4 spell levels left.
You didn't know any spells.
Your spell library was empty.

Dungeon Overview and Level Annotations

Branches:
Dungeon (2/15)

Altars:


Innate Abilities, Weirdness & Mutations

You are resistant to torment.
Your stone body is resilient. (AC +4)
You are immune to poison.
You resist negative energy. (rN+)
You are resistant to electric shocks. (rElec)
You can survive without breathing.
You are immune to petrification.
You are immune to rotting.


Message History

The orc barely misses you.
The orc priest hits you but does no damage.
You hit the orc priest.
The orc priest is heavily wounded.
The orc barely misses you. The orc priest barely misses you.
Your shield prevents you from hitting the orc priest.
The orc priest is heavily wounded.
The orc hits you but does no damage.
The orc priest hits you but does no damage.
Your shield prevents you from hitting the orc priest.
The orc priest is heavily wounded.
You block the orc's attack.
The orc priest hits you with a cursed -3 club.
* * * LOW HITPOINT WARNING * * *
You block the orc's attack.
You slash the orc priest!
The orc priest is almost dead.
The orc priest invokes the aid of Beogh against you.
Beogh smites you!
You die...

#######..##..#
####......#
..#<###..#
#.#)# .#
#.#.###..#
#..........
#.######.##
#.########(#
........@).#
#########o.#
.......o.#
...o.o.....
....o...[###
...o.....#
..o......#
........##
........#


You could see an orc priest and an orc.

Vanquished Creatures
  Natasha (thrice) (D:2)
  An orc wizard (D:2)
  4 gnolls
  2 orcs (D:2)
  2 bats
  4 goblins (D:1)
  2 hobgoblins (D:1)
  2 kobolds
  3 frilled lizards (D:1)
  A rat (D:1)
24 creatures vanquished.

Notes
Turn   | Place    | Note
-------+----------+-------------------------------------------
     0 | D:1      | Laan the Gargoyle Fighter began the quest for the Orb.
     0 | D:1      | Reached XP level 1. HP: 14/14 MP: 1/1
   232 | D:1      | Reached XP level 2. HP: 17/19 MP: 2/2
   926 | D:1      | Reached XP level 3. HP: 9/23 MP: 3/3
  1120 | D:2      | Noticed Natasha
  1129 | D:2      | Killed Natasha
  1129 | D:2      | Reached XP level 4. HP: 23/29 MP: 4/4
  1158 | D:2      | Noticed Natasha
  1168 | D:2      | Killed Natasha
  1367 | D:2      | Noticed Natasha
  1375 | D:2      | Killed Natasha
  1375 | D:2      | Reached XP level 5. HP: 29/33 MP: 5/5
  1418 | D:2      | Killed from afar by an orc priest

Skill      XL: |  1  2  3  4 |
---------------+-------------+-----
Axes           | 2 3 |  3.3
Fighting       | 4 |  4.1
Armour         | 4 |  4.1
Shields        | 4 |  4.1

Action                   |  1- 3 |  4- 6 || total
-------------------------+-------+-------++-------
Melee: War axe           |    56 |    36 ||    92
  Eat: Chunk             |     1 |     1 ||     2
Armor: Scale mail        |    32 |    37 ||    69
Dodge: Dodged            |    19 |    20 ||    39
Block: Shield            |    33 |    18 ||    51
